Map: Catalyst LE

Players

noFreeWill - Winner!

  • Race: Zerg Zerg
  • League: Diamond
  • Spawn Location: 5:00

Frank

  • Race: Zerg Zerg
  • League: Diamond
  • Spawn Location: 11:00

VOD

Have the link to the VOD?

Description

Taken from new Neuro Bob ross ZvZ video

Time

  • Played on: Dec. 2, 2017, 7:24 a.m.
  • Length: 10:51
Show
View Real Time Build Order
Export as new Build Order

noFreeWill Zerg - Winner!

Build Orders: Hatch First, Zergling Baneling 

Get SALT Encoding   

  12  0:01  Drone  
  13  0:12  Overlord  
  13  0:18  Drone  
  14  0:34  Drone x2  
  16  0:36  Drone  
  17  0:55  Hatchery  
  16  1:03  Drone  
  17  1:05  Drone  
  18  1:15  Spawning Pool  
  17  1:19  Extractor  
  17  1:20  Drone  
  17  1:23  Drone  
  18  1:31  Drone  
  19  1:41  Overlord  
  19  1:53  Drone  
  20  2:02  Queen  
  20  2:03  Zergling x2  
  20  2:06  Queen  
  20  2:08  Zergling x2  
  26  2:18  Drone  
  26  2:19  Drone  
  28  2:22  Metabolic Boost  
  28  2:28  Drone  
  29  2:37  Queen  
  29  2:44  Baneling Nest  
  30  2:45  Drone x3  
  30  2:49  Overlord  
  31  3:14  Hatchery  
  30  3:23  Zergling x6  
  33  3:28  Drone  
  33  3:29  Drone x2  
  33  3:30  Overlord  
  36  3:42  Baneling x3  
  36  3:43  Baneling  
  36  3:51  Drone  
  36  3:52  Drone x3  
  36  3:53  Zergling x2  
  36  3:54  Zergling x8  
  45  4:08  Zergling x2  
  45  4:09  Zergling x6  
  49  4:16  Baneling x2  
  47  4:31  Zergling x16  
  45  4:50  Drone x3  
  48  4:56  Baneling x4  
  48  5:03  Queen  
  48  5:04  Baneling  
  50  5:11  Drone  
  50  5:12  Drone x2  
  53  5:15  Baneling x4  
  53  5:23  Drone x2  
  53  5:24  Drone x3  
  55  5:33  Drone  
  55  5:34  Drone x5  
  55  5:35  Overlord  
  49  5:56  Lair  
  48  6:00  Zergling x16, Extractor  
  48  6:02  Extractor  
  48  6:03  Extractor  
  53  6:08  Drone x2  
  55  6:14  Zergling x2  
  56  6:33  Zergling x18  
  56  6:35  Overlord x4  
  65  6:55  Spire  
  65  6:56  Zergling x14  
  65  6:57  Zergling x10  
  77  7:01  Drone x2  
  77  7:07  Baneling x6  
  78  7:10  Queen  
  80  7:21  Zergling x14  
  87  7:29  Drone x2  
  89  7:31  Overlord  
  87  7:45  Drone x3  
  87  7:46  Overlord  
  90  7:59  Baneling x3  
  83  8:16  Zergling x24  
  83  8:19  Mutalisk x3  
  95  8:25  Mutalisk  
  79  8:31  Mutalisk  
  79  8:32  Mutalisk x2  
  80  8:42  Mutalisk x5  
  87  8:52  Zergling x2  
  87  8:53  Zergling x12  
  87  8:55  Zerg Flyer Weapons Level 1  
  94  8:59  Extractor  
  94  9:01  Extractor  
  92  9:04  Drone x2  
  92  9:07  Evolution Chamber  
  93  9:10  Roach Warren  
  84  9:37  Zergling x16  
  84  9:38  Zergling x6  
  77  9:48  Drone x2  
  79  9:56  Baneling x3  
  79  9:57  Baneling  
  79  10:00  Drone x3  
  79  10:02  Drone x2  
  76  10:17  Drone  
  76  10:18  Drone x2  
Show
View Real Time Build Order
Export as new Build Order

Frank Zerg 

Build Orders: Hatch First 

Get SALT Encoding   

  12  0:01  Drone  
  13  0:13  Overlord  
  13  0:19  Drone  
  14  0:32  Drone x2  
  14  0:35  Drone  
  17  0:53  Hatchery  
  16  0:57  Drone  
  17  1:11  Spawning Pool  
  17  1:15  Drone  
  17  1:21  Drone  
  17  1:22  Extractor  
  17  1:32  Drone  
  18  1:33  Overlord  
  18  1:54  Drone  
  18  1:59  Queen  
  18  2:00  Zergling x2  
  22  2:02  Zergling x2  
  23  2:10  Zergling x2  
  23  2:15  Drone  
  25  2:19  Drone  
  26  2:24  Drone  
  26  2:26  Queen  
  26  2:28  Metabolic Boost  
  29  2:32  Drone  
  29  2:34  Drone  
  31  2:58  Drone x2  
  32  3:03  Extractor  
  31  3:09  Hatchery  
  31  3:16  Queen  
  31  3:17  Zergling x6  
  36  3:22  Overlord, Baneling Nest  
  35  3:43  Zergling x4  
  35  3:44  Zergling x12  
  35  3:46  Drone  
  44  3:51  Overlord  
  44  4:12  Drone x4  
  48  4:19  Zergling x8  
  48  4:22  Baneling  
  48  4:23  Zergling x2  
  51  4:29  Baneling  
  51  4:30  Zergling x6  
  48  4:47  Overlord  
  48  4:52  Roach Warren  
  47  5:02  Drone x2  
  47  5:03  Drone x5  
  54  5:09  Evolution Chamber  
  54  5:12  Zergling x4  
  55  5:19  Zergling x4  
  57  5:27  Zergling x6  
  57  5:34  Roach  
  44  5:36  Roach x2  
  40  5:43  Queen  
  40  5:55  Roach x2  
  41  6:00  Drone x4  
  41  6:01  Drone x2  
  41  6:04  Roach x2  
  51  6:08  Roach x3  
  57  6:15  Roach x2  
  61  6:22  Spine Crawler  
  60  6:27  Roach x2  
  60  6:32  Drone  
  65  6:33  Extractor  
  65  6:35  Lair  
  64  6:40  Queen  
  66  6:47  Overlord  
  66  6:50  Extractor  
  66  6:52  Ravager  
  66  6:55  Overlord  
  66  7:08  Roach  
  68  7:10  Zergling x10  
  68  7:11  Zergling x2  
  74  7:18  Drone x5  
  79  7:26  Roach  
  81  7:31  Baneling x3  
  81  7:32  Baneling  
  81  7:45  Overlord  
  81  8:01  Overseer  
  81  8:02  Baneling  
  81  8:03  Baneling x3  
  81  8:05  Drone, Overlord  
  81  8:06  Drone  
  81  8:13  Roach x4  
  87  8:24  Roach x4  
  87  8:26  Zergling x4  
  87  8:27  Zergling x6  
  92  8:33  Zergling x6  
  85  8:41  Zergling x2  
  85  8:42  Zergling x4  
  85  8:48  Zergling x8  
  78  8:51  Spore Crawler  
  78  8:53  Spore Crawler  
  78  8:55  Drone x2  
  78  8:57  Spore Crawler  
  78  8:58  Hydralisk Den, Spore Crawler  
  72  9:04  Drone x3  
  72  9:07  Baneling x2  
  75  9:18  Extractor  
  75  9:20  Zergling x8  
  75  9:21  Zergling x2  
  79  9:31  Zergling x10  
  73  9:33  Extractor  
  73  9:38  Hydralisk  
  54  9:46  Hydralisk  
  54  9:47  Hydralisk  
  56  9:55  Hydralisk  
  56  9:57  Spore Crawler  
  58  10:05  Hydralisk x2  
  62  10:07  Zergling x2  
  57  10:17  Hydralisk  
  57  10:18  Hydralisk x2  
  57  10:21  Zergling x2  
  63  10:26  Hydralisk  
Tags
 
Add a new tag
Caveats
  • Supply blocks, unpowered buildings, or Contaminate may cause inaccurate times.
  • Supply counts are checked every 10 seconds.